 Dungeon Crawl Stone Soup version 0.25-a0-479-g8579842fd4 (webtiles) character file.

Game seed: 4872626281348933097, levelgen mode: deterministic

261 Error4North the Chopper (level 6, 0/53 HPs)
             Began as a Hill Orc Fighter on Feb 9, 2020.
             Slain by an iguana (8 damage)
             ... on level 4 of the Dungeon.
             The game lasted 00:08:31 (2595 turns).

Error4North the Chopper (Hill Orc Fighter)          Turns: 2595, Time: 00:08:31

Health: 0/53       AC: 13    Str: 21    XL:     6   Next: 18%
Magic:  6/6        EV:  4    Int:  8    God:
Gold:   144        SH:  9    Dex: 10    Spells: 5/5 levels left

rFire    . . .     SeeInvis .   a - +0 war axe
rCold    . . .     Gourm    .   c - +0 shield
rNeg     . . .     Faith    .   i - +0 plate armour
rPois    .         Spirit   .   (no helmet)
rElec    .         Reflect  .   h - +0 cloak
rCorr    .         Harm     .   (no gloves)
MR       +....                  (no boots)
Stlth    ..........             (no amulet)
HPRegen  0.17/turn              g - ring of protection from magic
MPRegen  0.10/turn              (no ring)

@: no status effects
A: no striking features
a: no special abilities


You were on level 4 of the Dungeon.
You were not hungry.

You visited 1 branch of the dungeon, and saw 4 of its levels.

You collected 144 gold pieces.

Inventory:

Hand Weapons
 a - a +0 war axe (weapon)
Missiles
 t - 4 boomerangs (quivered)
Armour
 c - a +0 shield (worn)
 h - a +0 cloak (worn)
 i - a +0 plate armour (worn)
Jewellery
 g - a ring of protection from magic (left hand)
 o - an uncursed ring of protection from cold {unknown}
 p - an uncursed amulet of harm
Scrolls
 b - a scroll of teleportation {unknown}
 j - 2 scrolls of remove curse {unknown}
 k - a scroll of enchant armour {unknown}
 l - 4 scrolls of identify {unknown}
 q - a scroll of enchant weapon {unknown}
 u - a scroll of magic mapping {unknown}
 v - a scroll of fear {unknown}
Potions
 d - a potion of might
 e - 2 potions of curing {unknown}
 m - a potion of lignification {unknown}
 n - 2 potions of agility {unknown}
 r - a potion of heal wounds {unknown}
 s - a potion of flight {unknown}
Comestibles
 f - 4 rations


   Skills:
 + Level 4.5 Fighting
 + Level 5.1 Axes
 * Level 4.4 Armour
 + Level 0.2 Dodging
 + Level 0.1 Stealth
 * Level 4.8 Shields


You had 5 spell levels left.
You didn't know any spells.
Your spell library was empty.

Dungeon Overview and Level Annotations

Branches:
Dungeon (4/15)
 Temple: D:4-7

Altars:
Hepliaklqana
Kikubaaqudgha
Vehumet


Message History

The iguana is almost dead.
The iguana bites you.
You hit the iguana but do no damage.
The iguana is almost dead.
The iguana barely misses you. You block the iguana's attack.
You closely miss the iguana.
The iguana is almost dead.
The iguana bites you.
* * * LOW HITPOINT WARNING * * *
You barely miss the iguana.
The iguana is almost dead.
The iguana bites you.
* * * LOW HITPOINT WARNING * * *
You closely miss the iguana.
The iguana is almost dead.
The iguana bites you but does no damage. x2
Your shield and plate armour prevent you from hitting the iguana.
The iguana is almost dead.
The iguana bites you!
You die...

#######
......
##...## #
##.....#.#
#........#
#........#
#<..@l...#
##.....#.#
##......#
###.####
.# .# .#
.#


You could see an iguana.

Vanquished Creatures
  A scorpion (D:3)
  A centaur skeleton (D:4)
  Terence (D:3)
  A gnoll (D:3)
  6 adders
  A worm (D:2)
  A dart slug (D:2)
  9 orcs (D:3)
  2 giant cockroaches
  10 goblins
  8 hobgoblins
  6 jackals
  2 quokkas
  A ball python (D:3)
  11 bats
  8 frilled lizards
  5 kobolds
  8 rats
82 creatures vanquished.

Vanquished Creatures (others)
  A kobold (D:2)
1 creature vanquished.

Grand Total: 83 creatures vanquished

Notes
Turn   | Place    | Note
-------+----------+-------------------------------------------
     0 | D:1      | Error4North the Hill Orc Fighter began the quest for the
                  | Orb.
     0 | D:1      | Reached XP level 1. HP: 19/19 MP: 1/1
   211 | D:1      | Reached XP level 2. HP: 26/27 MP: 2/2
   776 | D:2      | Reached XP level 3. HP: 33/33 MP: 3/3
   790 | D:2      | Reached skill level 3 in Axes
   809 | D:2      | Found a hazy altar of Hepliaklqana.
   839 | D:2      | Found a radiant altar of Vehumet.
   990 | D:2      | Found an ancient bone altar of Kikubaaqudgha.
  1387 | D:3      | Reached XP level 4. HP: 40/40 MP: 4/4
  1432 | D:3      | Reached skill level 4 in Axes
  1534 | D:3      | Reached XP level 5. HP: 12/46 MP: 5/5
  1828 | D:3      | Noticed Terence
  1838 | D:3      | Killed Terence
  2021 | D:3      | Reached skill level 5 in Axes
  2193 | D:3      | Reached XP level 6. HP: 53/53 MP: 6/6
  2196 | D:3      | Found a faded altar of an unknown god.
  2595 | D:4      | Slain by an iguana

Levels and vault maps discovered:
D:1:      sevenhm_arrival_forest_fort_large_3, layout_basic
D:2:      layout_loops_ring, lemuel_round_altar, fiery_altar_vehumet,
          lemuel_doored_altar, minmay_pentomino_v2
D:3:      layout_loops_ring, chequers_ecumenical_altar_simple,
          kennysheep_path_1, minmay_pentangle, uniq_terence
D:4:      layout_loops_corners, minmay_temple_entry_overgrown, st_stairs_3

Skill      XL: |  1  2  3  4  5 |
---------------+----------------+-----
Axes           | 3 4 5 |  5.1
Shields        | 4 |  4.8
Fighting       | 4 |  4.5
Armour         | 4 |  4.4
Dodging        | |  0.2
Stealth        | |  0.1

Action                   |  1- 3 |  4- 6 || total
-------------------------+-------+-------++-------
Melee: War axe           |   151 |   159 ||   310
  Eat: Chunk             |     2 |     4 ||     6
Armor: Plate armour      |   120 |   110 ||   230
       Scale mail        |     7 |       ||     7
Dodge: Dodged            |    28 |    24 ||    52
Block: Shield            |    92 |   101 ||   193

Table legend:
 A = Non-vault XP
 B = Vault XP
 C = Vault XP percentage of total XP
 D = Non-vault monster count
 E = Vault monster count
 F = Vault count percentage of total count
                 A         B        C        D         E       F
            +---------+---------+-------+---------+---------+-------
      Total |     274 |      99 |  26.5 |      71 |      11 |  13.4
            +---------+---------+-------+---------+---------+-------
        D:1 |      29 |       0 |   0.0 |      20 |       0 |   0.0
        D:2 |      34 |      15 |  30.6 |      17 |       2 |  10.5
        D:3 |     171 |      84 |  32.9 |      33 |       9 |  21.4
        D:4 |      40 |       0 |   0.0 |       1 |       0 |   0.0
            +---------+---------+-------+---------+---------+-------
